 Dungeon Crawl Stone Soup version 0.28-a0-475-g7dc2aef8ca (webtiles) character file.

Game seed: 13842062969563629220

10901 MacCMillion the Fiendish (level 11, -1/83 HPs)
             Began as a Demonspawn Fighter on Sept 16, 2021.
             Was a Priest of Makhleb.
             Slain by a six-headed hydra (13 damage)
             ... on level 11 of the Dungeon.
             The game lasted 01:09:24 (16407 turns).

MacCMillion the Fiendish (Demonspawn Fighter)      Turns: 16407, Time: 01:09:24

Health: -1/83      AC: 10    Str: 19    XL:     11   Next: 42%
Magic:  18/18      EV: 19    Int: 13    God:    Makhleb [***...]
Gold:   674        SH: 10    Dex: 13    Spells: 9/16 levels left

rFire   + + .      SeeInvis +   P - +2 short sword
rCold   + + .      Faith    .   c - +0 buckler
rNeg    . . .      Spirit   .   m - +0 ring mail {Will+}
rPois   .          Reflect  +   q - +0 helmet {Int+3}
rElec   .          Harm     .   F - scarf {rC+ rF+}
rCorr   .          Rampage  .   (no gloves)
Will    +....                   (no boots)
Stlth   +.........              v - amulet of reflection
HPRegen 0.23/turn               u - ring of Puntina {rF+ rC+ EV+4 Slay+3}
MPRegen 0.16/turn               r - ring of see invisible

@: mighty, very slightly contaminated, studying Dodging, invisible
A: hooves 1, yellow scales 2, powered by death 1, powered by pain 2
a: Renounce Religion, Minor Destruction, Lesser Servant of Makhleb


You were on level 11 of the Dungeon.
You worshipped Makhleb.
Makhleb was most pleased with you.
You visited 1 branch of the dungeon, and saw 11 of its levels.

You collected 1439 gold pieces.
You spent 765 gold pieces at shops.

Inventory:

Hand Weapons
 a - a +0 rapier
 I - the +7 great mace "Firestarter" {inner flame, rF++}
   (You took it off a tengu warrior on level 10 of the Dungeon)

   It burns those it strikes, dealing additional fire damage.
   It fills those it strikes with an explosive inner flame.
   It grants immunity to clouds of flame.
   rF:        It greatly protects you from fire.
 J - a +3 vorpal morningstar
 O - a +2 falchion of freezing
 P - a +2 short sword (weapon)
 S - a +3 trident of venom
Missiles
 w - 24 boomerangs
 y - 14 poisoned darts
 E - a throwing net
Armour
 c - a +0 buckler (worn)
 m - a +0 ring mail of willpower (worn)
 q - a +0 helmet of intelligence (worn)
 F - a scarf of resistance (worn)
 Q - a +0 kite shield
 R - a scarf of repulsion
Magical Staves
 h - a staff of cold
Jewellery
 d - a ring of positive energy
 k - a ring of protection from cold
 n - a +6 ring of dexterity
 r - a ring of see invisible (right hand)
 u - the ring of Puntina (left hand) {rF+ rC+ EV+4 Slay+3}
   (You bought it in a shop on level 4 of the Dungeon)

   [ring of evasion]

   EV:        It affects your evasion (+4).
   Slay:      It affects your accuracy & damage with ranged weapons and melee
   (+3).
   rF:        It protects you from fire.
   rC:        It protects you from cold.
 v - an amulet of reflection (around neck)
 z - a +6 ring of intelligence
 G - an amulet of faith
 K - a +6 ring of intelligence
Wands
 i - a wand of flame (16)
 l - a wand of iceblast (6)
 x - a wand of mindburst (10)
 A - a wand of acid (2)
 L - a wand of polymorph (11)
Scrolls
 b - 5 scrolls of identify
 f - 2 scrolls of noise
 g - a scroll of amnesia
 s - 2 scrolls of fog
 M - a scroll of summoning {unknown}
 N - 2 scrolls of immolation {unknown}
Potions
 e - 9 potions of degeneration
 o - 5 potions of brilliance
 B - 2 potions of might
 C - a potion of lignification {unknown}
 D - 2 potions of flight
 H - a potion of mutation


   Skills:
 + Level 6.8 Fighting
 + Level 4.3 Short Blades
 - Level 5.0 Armour
 + Level 9.6 Dodging
 - Level 4.0 Shields
 - Level 3.0 Spellcasting
 + Level 5.0 Hexes
 + Level 7.0 Summonings
 + Level 0.2 Translocations
 - Level 10.0 Invocations
 - Level 5.0 Evocations


You had 9 spell levels left.
You knew the following spells:

 Your Spells              Type           Power      Damage    Failure   Level
a - Summon Guardian Gole  Hex/Summ       17%        N/A       10%         3
b - Slow                  Hex            15%        N/A       8%          2
c - Blink                 Tloc           N/A        N/A       47%         2

Your spell library contained the following spells:

 Spells                   Type           Power      Damage    Failure   Level
 Summon Small Mammal      Summ           80%        N/A       2%          1
 Call Canine Familiar     Summ           20%        N/A       6%          3
 Confusing Touch          Hex            15%        N/A       14%         3
 Animate Armour           Summ/Erth      22%        N/A       65%         4
 Gell's Gravitas          Tloc           1%         N/A       71%         3
 Lesser Beckoning         Tloc           2%         N/A       71%         3
 Teleport Other           Tloc           2%         N/A       71%         3
 Conjure Flame            Conj/Fire      1%         6-21      75%         3
 Ignite Poison            Fire/Tmut/Pois 1%         N/A       75%         3
 Ozocubu's Armour         Ice            1%         N/A       75%         3
 Vampiric Draining        Necr           0%         2d6       75%         3
 Fulminant Prism          Conj/Hex       4%         3d6       80%         4
 Iskenderun's Mystic Bla  Conj/Tloc      2%         2d3       98%         4
 Sticky Flame             Conj/Fire      1%         2d3       98%         4
 Agony                    Necr           1%         N/A       100%        5
 Blade Hands              Tmut           0%         N/A       100%        5
 Lee's Rapid Deconstruct  Erth           0%         3d5*      100%        5
 Manifold Assault         Tloc           2%         N/A       100%        5
 Dispersal                Tloc           1%         N/A       100%        6
 Iron Shot                Conj/Erth      0%         9d1       100%        6
 Malign Gateway           Summ/Tloc      5%         N/A       100%        7
 Ozocubu's Refrigeration  Ice            0%         4d5       100%        7
 Infestation              Necr           0%         N/A       100%        8


Dungeon Overview and Level Annotations

Branches:
Dungeon (11/15)            Temple (0/1) D:5            Lair (0/6) D:10
    Orc (0/2) D:10

Altars:
Ashenzari
Cheibriados
Dithmenos
Fedhas
Gozag
Hepliaklqana
Kikubaaqudgha
Makhleb
Nemelex Xobeh
Qazlal
Sif Muna
Wu Jian
Zin
The Shining One

Shops:
D:4 =   D:8 (

Annotations:
D:2 1 runed translucent door, Crazy Yiuf
D:3 Terence
D:4 1 runed translucent door, WhatIsLove's ghost, amateur DsMo
D:8 exclusions: electric eel and 1 more exclusion
D:10 exclusion: 2 oklob plants


Innate Abilities, Weirdness & Mutations

You have large cloven feet.
You are mostly covered in yellow scales. (AC +3)
You regenerate a little health from kills.
You sometimes gain power by taking damage.


Message History

Your neqoxec hits the six-headed hydra!
The gnoll sergeant hits you from afar with a +2 spear of venom!
* * * LOW HITPOINT WARNING * * *
You feel better.
Your neqoxec hits the gnoll sergeant but does no damage.
The six-headed hydra bites you. The six-headed hydra misses you. x2
You block the six-headed hydra's attack.
The six-headed hydra bites you but does no damage.
The six-headed hydra barely misses you. The gnoll sergeant barely misses you.
You fade into invisibility!
Your neqoxec closely misses the gnoll sergeant.
You block the six-headed hydra's attack.
The six-headed hydra closely misses you. x2
The six-headed hydra bites you.
* * * LOW HITPOINT WARNING * * *
The six-headed hydra bites you!
* * * LOW HITPOINT WARNING * * *
The six-headed hydra closely misses you.
The gnoll sergeant misses you.
You are very lightly contaminated with residual magic.
Your neqoxec hits the gnoll sergeant.
You feel much better. The six-headed hydra misses you.
The six-headed hydra bites you! The six-headed hydra barely misses you.
The six-headed hydra bites you.
You block the six-headed hydra's attack.
The six-headed hydra bites you!
* * * LOW HITPOINT WARNING * * *
The gnoll sergeant misses you.
Okay, then.
Okay, then.
A demon appears!
The sentinel's mark upon you fades away.
Your neqoxec hits the gnoll sergeant!
The six-headed hydra completely misses you.
The six-headed hydra bites you.
* * * LOW HITPOINT WARNING * * *
The six-headed hydra barely misses you.
You block the six-headed hydra's attack.
The six-headed hydra bites you!
You die...

... .... .....
##.########...$..
Y.............C..
######.######..C
#####+### #...3...#
#....@..# #...$D..#
#####g### #3o....o.
###############.#######
................#
#######.....# ...
#.....<.....##...#
#.####......##...#


You could see a six-headed hydra (ally target), an orc warrior, a gnoll
sergeant, a friendly smoke demon (summoned) and a friendly neqoxec (summoned).

Vanquished Creatures
  2 two-headed ogres
  A tengu warrior (D:10)
  2 ugly things
  A cyclops (D:10)
  A manticore (D:10)
  A centaur zombie (D:10)
  Maggie (D:9)
  Psyche (D:8)
  A queen bee (shapeshifter) (D:10)
  A wind drake (D:9)
  A hornet (D:10)
  2 wraiths
  A shadow (D:10)
  A vampire (D:10)
  A wyvern (D:9)
  A steam dragon (D:9)
  A vampire mosquito (D:9)
  A water moccasin (D:8)
  An acid dragon (D:11)
  A swamp drake (D:10)
  3 sky beasts
  An orc warrior (D:10)
  A black bear (D:8)
  An ice beast (D:7)
  A necrophage (D:5)
  3 ogres
  6 centaurs
  A kobold brigand (D:8)
  A bullfrog (D:7)
  4 scorpions
  A wyvern skeleton (D:7)
  A killer bee (D:10)
  5 wights (D:9)
  5 howler monkeys
  An electric eel (D:8)
  6 hounds
  A bullfrog zombie (D:6)
  A gnoll shaman (D:5)
  5 iguanas
  9 orc priests
  A bullfrog skeleton (D:7)
  6 orc wizards
  4 howler monkey zombies
  2 howler monkey skeletons
  5 adders
  13 gnolls
  A shadow imp (D:6)
  2 white imps (D:7)
  A worm (D:2)
  28 orcs
  10 endoplasms
  7 giant cockroaches
  4 hobgoblins
  4 jackals (D:5)
  4 quokkas
  7 ball pythons
  3 bats
  A frilled lizard (D:1)
  2 goblins
  10 kobolds
  4 rats
199 creatures vanquished.

Vanquished Creatures (others)
  A centaur warrior (D:10)
  Joseph (D:8)
  A troll (D:10)
  A howler monkey (D:10)
  14 plants
  3 withered plants
21 creatures vanquished.

Grand Total: 220 creatures vanquished

Notes
Turn   | Place    | Note
-------+----------+-------------------------------------------
     0 | D:1      | MacCMillion the Demonspawn Fighter began the quest for the
                  | Orb.
     0 | D:1      | Reached XP level 1. HP: 18/18 MP: 1/1
   375 | D:1      | Gained mutation: You are partially covered in yellow
                  | scales. (AC +2) [demonic ancestry]
   375 | D:1      | Reached XP level 2. HP: 24/24 MP: 2/2
  1105 | D:2      | Gained mutation: You have large cloven feet. [demonic
                  | ancestry]
  1105 | D:2      | Reached XP level 3. HP: 22/29 MP: 3/3
  1535 | D:2      | Found a runed translucent door.
  1536 | D:2      | Noticed Crazy Yiuf
  1694 | D:2      | Reached XP level 4. HP: 35/35 MP: 4/4
  1699 | D:2      | Found a burning altar of Makhleb.
  1705 | D:2      | Became a worshipper of Makhleb the Destroyer
  1842 | D:2      | Reached skill level 1 in Invocations
  2494 | D:3      | Noticed Terence
  2506 | D:3      | Reached skill level 2 in Invocations
  2860 | D:4      | Reached XP level 5. HP: 37/41 MP: 6/6
  3064 | D:4      | Reached skill level 1 in Dodging
  3274 | D:4      | Found a runed translucent door.
  3281 | D:4      | Noticed WhatIsLove's ghost (amateur DsMo)
  3311 | D:4      | Reached skill level 3 in Invocations
  3776 | D:4      | Found a sparkling altar of Nemelex Xobeh.
  3879 | D:4      | You fall into a shaft and drop 2 floors!
  3887 | D:6      | Noticed a sky beast
  3902 | D:6      | Gained mutation: You are mostly covered in yellow scales.
                  | (AC +3) [demonic ancestry]
  3902 | D:6      | Reached XP level 6. HP: 27/47 MP: 8/8
  3923 | D:5      | Entered Level 5 of the Dungeon
  3933 | D:5      | Killed a sky beast
  3934 | D:5      | Reached skill level 4 in Invocations
  4236 | D:4      | Found Jaeronk's Jewellery Shop.
  4459 | D:4      | Found a hazy altar of Hepliaklqana.
  4460 | D:4      | Found a shadowy altar of Dithmenos.
  4460 | D:4      | Noticed a shadow
  4607 | D:5      | Reached * piety under Makhleb
  4701 | D:5      | Found a blossoming altar of Fedhas.
  4701 | D:5      | Found an ancient bone altar of Kikubaaqudgha.
  4968 | D:5      | Reached skill level 5 in Invocations
  4968 | D:5      | Reached XP level 7. HP: 47/54 MP: 10/10
  5601 | D:5      | Reached skill level 6 in Invocations
  5867 | D:5      | Found a staircase to the Ecumenical Temple.
  6544 | D:5      | Gained mutation: You sometimes gain a little power by
                  | taking damage. [demonic ancestry]
  6544 | D:5      | Reached XP level 8. HP: 61/61 MP: 11/13
  6831 | D:6      | Reached skill level 7 in Invocations
  6881 | D:6      | Reached ** piety under Makhleb
  6964 | D:6      | Found a shimmering blue altar of Sif Muna.
  7346 | D:6      | Reached skill level 5 in Fighting
  7558 | D:7      | Found a burning altar of Makhleb.
  7573 | D:7      | Found a snail-covered altar of Cheibriados.
  7767 | D:7      | Reached skill level 8 in Invocations
  7792 | D:7      | Reached skill level 5 in Armour
  7997 | D:7      | Found an opulent altar of Gozag.
  8114 | D:7      | Reached skill level 9 in Invocations
  8568 | D:8      | Gained mutation: You regenerate a little health from kills.
                  | [demonic ancestry]
  8568 | D:8      | Reached XP level 9. HP: 47/68 MP: 16/16
  8945 | D:8      | Identified 2 scrolls of acquirement
  8945 | D:8      | Acquired a manual of Dodging
  8951 | D:8      | Learned a level 3 spell: Summon Guardian Golem
  8954 | D:8      | Learned a level 2 spell: Slow
  8995 | D:8      | Acquired 983 gold pieces
  9092 | D:4      | Bought the ring of Puntina {rF+ rC+ EV+4 Slay+3} for 765
                  | gold pieces
  9212 | D:8      | Noticed Psyche
  9218 | D:8      | Killed Psyche
  9219 | D:8      | Reached skill level 10 in Invocations
  9355 | D:8      | Found Biskiwky's Weapon Boutique.
  9577 | D:8      | Found an ornate altar of the Wu Jian Council.
  9695 | D:8      | Reached skill level 5 in Dodging
  9695 | D:8      | Reached skill level 1 in Spellcasting
  9695 | D:8      | Reached skill level 1 in Summonings
  9844 | D:9      | Noticed a two-headed ogre
  9909 | D:8      | Killed a two-headed ogre
 10206 | D:9      | Noticed Maggie
 10229 | D:9      | Killed Maggie
 10611 | D:9      | Found a stormy altar of Qazlal.
 11002 | D:8      | Noticed Joseph
 11019 | D:8      | Killed Joseph
 11173 | D:9      | Gained mutation: You sometimes gain power by taking damage.
                  | [demonic ancestry]
 11173 | D:9      | Reached XP level 10. HP: 73/75 MP: 17/17
 11474 | D:9      | Reached skill level 5 in Summonings
 11510 | D:9      | Noticed a two-headed ogre
 11520 | D:9      | Killed a two-headed ogre
 11521 | D:9      | Reached skill level 1 in Evocations
 11770 | D:9      | Found a broken altar of Ashenzari.
 12955 | D:10     | Entered Level 10 of the Dungeon
 12974 | D:10     | Noticed a gargoyle
 13135 | D:10     | Reached skill level 5 in Hexes
 13159 | D:10     | Noticed a centaur warrior
 13204 | D:10     | Noticed a green ugly thing
 13205 | D:10     | Noticed a cyclops
 13222 | D:10     | Killed a centaur warrior
 13233 | D:10     | Noticed a manticore
 13249 | D:9      | Killed a green ugly thing
 13723 | D:10     | Killed a manticore
 14109 | D:10     | Noticed a cane toad
 14111 | D:10     | Noticed a tengu warrior
 14246 | D:10     | Noticed a fire crab
 14249 | D:10     | a fire crab changed into a komodo dragon
 14251 | D:10     | Killed a tengu warrior
 14252 | D:10     | Reached XP level 11. HP: 81/81 MP: 18/18
 14504 | D:10     | Reached skill level 5 in Evocations
 14504 | D:10     | Reached *** piety under Makhleb
 14703 | D:10     | Got the Handbook of Quantum Evil
 14706 | D:10     | Noticed a green ugly thing
 15057 | D:10     | Noticed a fire dragon
 15096 | D:10     | Noticed an oklob plant
 15102 | D:10     | Noticed an oklob plant
 15103 | D:10     | Found a staircase to the Lair.
 15163 | D:10     | Found a staircase to the Orcish Mines.
 15785 | D:10     | Killed a green ugly thing
 16163 | D:10     | Learned a level 2 spell: Blink
 16380 | D:11     | Noticed a six-headed hydra
 16407 | D:11     | Slain by a six-headed hydra

Illustrated notes

Levels and vault maps discovered:
D:1:      sevenhm_arrival_forest_fort_large_2, layout_basic
D:2:      layout_loops_cross, basic_altar, uniq_crazy_yiuf_cottage
D:3:      layout_rooms, kennysheep_crisscross, uniq_terence
D:4:      layout_basic, riverfiend_overflow_shadow_ancestor,
          nemelex_diamond_rough_becter, serial_shops, nicolae_lakefront_shop,
          gammafunk_ghost_grave
D:5:      layout_basic, grunt_temple_overflow_growth_and_decay,
          minmay_temple_entry_glassed_door
D:6:      layout_cave_pools, kennysheep_flooded_box
D:7:      layout_cave_pools, marbit_many_paths, overflow_temple_1_default,
          lemuel_tele_altar, minitemple
D:8:      layout_basic, nicolae_overflow_hidden_temple, serial_shops,
          nicolae_shop_behind_doors, kennysheep_generic_room_10, uniq_joseph,
          uniq_psyche
D:9:      layout_loops_corners, mainiacjoe_overflow_alcove_2,
          general_overflow_altar, uniq_maggie
D:10:     minmay_the_grid_square_5x5_3x3 [minmay_the_grid_square_5x5_spiral,
          minmay_the_grid_square_5x5_bridge,
          minmay_the_grid_square_5x5_trominoes,
          minmay_the_grid_square_5x5_checkered_sparse,
          minmay_the_grid_square_5x5_megaprize_open,
          minmay_the_grid_square_5x5_six_small,
          minmay_the_grid_square_5x5_seven,
          minmay_the_grid_square_5x5_three_small,
          minmay_the_grid_square_5x5_two], layout_basic, dpeg_oklobed_lair,
          erik_orc_1
D:11:     layout_basic

Skill      XL: |  1  2  3  4  5  6  7  8  9 10 11 |
---------------+----------------------------------+-----
Short Blades   | 2 3 4 |  4.3
Shields        | 3 4 |  4.0
Invocations    | 2 3 5 6 9 10 | 10.0
Armour         | 3 4 5 |  5.0
Dodging        | 1 2 3 4 6 8 9 |  9.6
Fighting       | 4 5 6 |  6.8
Spellcasting   | 3 |  3.0
Summonings     | 4 7 |  7.0
Hexes          | 3 5 |  5.0
Evocations     | 4 5 |  5.0
Translocations | |  0.2

Action                   |  1- 3 |  4- 6 |  7- 9 | 10-12 || total
-------------------------+-------+-------+-------+-------++-------
Melee: Rapier            |    94 |   151 |   305 |   118 ||   668
       Kick              |    10 |    55 |   135 |    99 ||   299
       Short sword       |       |       |       |   159 ||   159
       Great mace        |       |       |       |     7 ||     7
 Cast: Summon Guardian G |       |       |     2 |     6 ||     8
       Slow              |       |       |     2 |     3 ||     5
Invok: Minor Destruction |       |       |     9 |    53 ||    62
       Lesser Servant of |       |       |       |     2 ||     2
Evoke: Wand              |       |       |     9 |     4 ||    13
  Use: Scroll            |       |     6 |     6 |     4 ||    16
       Potion            |       |     1 |       |     7 ||     8
Armor: Scale mail        |    38 |    59 |     4 |       ||   101
       Ring mail         |       |       |    72 |    55 ||   127
Dodge: Dodged            |    39 |    52 |   129 |   227 ||   447
Block: Buckler           |    14 |    46 |   158 |   145 ||   363
       Reflection        |       |       |     9 |    13 ||    22
       Other             |       |       |       |     7 ||     7

Table legend: (Time is in decaauts)
 A = Elapsed time spent in this place.
 B = Non-inter-level travel time spent in this place.
 C = Inter-level travel time spent in this place.
 D = Time resting spent in this place.
 E = Time spent auto-exploring this place.
 F = Levels seen in this place.
 G = Mean time per level.
                   A        B        C        D        E       F      G
               +--------+--------+--------+--------+--------+-----+--------+
         Total |  16500 |  15686 |    814 |   6876 |   5690 |  11 | 1500.0 |
       Dungeon |  16500 |  15686 |    814 |   6876 |   5690 |  11 | 1500.0 |
               +--------+--------+--------+--------+--------+-----+--------+

Top non-repeatable levels by time:
     D:9: 3855 daAuts
     D:5: 2114 daAuts
     D:8: 1905 daAuts
     D:4: 1812 daAuts
    D:10: 1678 daAuts
     D:7: 1445 daAuts
     D:2: 1293 daAuts
     D:1: 1073 daAuts
     D:6: 713 daAuts
     D:3: 463 daAuts
    D:11: 143 daAuts
